 Dungeon Crawl Stone Soup version 0.30-a0-5-g3a90980b9d (webtiles) character file.

Game seed: 17248283466935235831

652 Lekart the Slasher (level 7, -23/60 HPs)
             Began as a Green Draconian Fighter on Aug 17, 2022.
             Annihilated by an ogre
             ... wielding a +0 giant spiked club
              (25 damage)
             ... on level 5 of the Dungeon on Aug 22, 2022.
             The game lasted 00:08:45 (4499 turns).

Lekart the Slasher (Green Draconian Fighter)        Turns: 4499, Time: 00:08:45

Health: -23/60     AC: 11    Str: 21    XL:     7   Next: 28%
Magic:  7/7        EV: 13    Int:  8    God:
Gold:   194        SH:  5    Dex: 16    Spells: 6/6 levels left

rFire   . . .      SeeInvis .    c - +8 hammer "Bameacen" {vorpal, rN+ Will+}
rCold   . . .      Faith    .    b - +0 buckler
rNeg    + . .      Spirit   .    (body armour unavailable)
rPois   +          Reflect  .    (helmet restricted)
rElec   .          Harm     .    x - +0 cloak
rCorr   .          Rampage  .    h - +1 pair of gloves
Will    +....                    o - +1 pair of boots
Stlth   +.........               (no amulet)
HPRegen 0.20/turn                k - +6 ring of dexterity
MPRegen 0.10/turn                (no ring)

@: about to teleport, short of breath
A: breathe noxious fumes, AC +6, unfitting armour, poison resistance,
cold-blooded
a: Breathe Noxious Fumes


You were on level 5 of the Dungeon.
You visited 1 branch of the dungeon, and saw 5 of its levels.

You collected 194 gold pieces.

Inventory:

Hand Weapons
 a - a +0 long sword
 c - the +8 hammer "Bameacen" (weapon) {vorpal, rN+ Will+}
   (You found it on level 3 of the Dungeon)

   It inflicts extra damage upon your enemies.
   rN:        It protects you from negative energy.
   Will:      It increases your willpower.
 p - a +0 falchion of freezing
Missiles
 u - 4 javelins (quivered)
Armour
 b - a +0 buckler (worn)
 h - a +1 pair of gloves (worn)
 o - a +1 pair of boots (worn)
 x - a +0 cloak (worn)
Jewellery
 k - a +6 ring of dexterity (left hand)
Scrolls
 t - 2 scrolls of fear {unknown}
 w - a scroll of noise {unknown}
Potions
 d - 3 potions of heal wounds
 e - 2 potions of resistance
 f - a potion of degeneration {unknown}
 g - a potion of ambrosia {unknown}
 i - a potion of mutation {unknown}
 j - 3 potions of lignification {unknown}
 l - a potion of berserk rage {unknown}
 m - a potion of attraction {unknown}
 n - a potion of curing {unknown}
 r - a potion of flight {unknown}
 v - a potion of cancellation {unknown}
 z - a potion of might


   Skills:
 + Level 4.9 Fighting
 + Level 5.2 Long Blades
 + Level 2.1 Maces & Flails
 + Level 4.2 Dodging
 + Level 4.2 Shields


You had 6 spell levels left.
You didn't know any spells.
Your spell library contained the following spells:

 Spells                   Type           Power      Damage    Failure   Level
 Foxfire                  Conj/Fire      0%         2x1d4     50%         1
 Magic Dart               Conj           0%         1d3       50%         1
 Call Imp                 Summ           0%         N/A       63%         2
 Static Discharge         Conj/Air       0%         3-3/arc   63%         2
 Conjure Flame            Conj/Fire      0%         6-21      86%         3
 Dazzling Flash           Conj/Hex       0%         N/A       86%         3
 Inner Flame              Hex/Fire       0%         N/A       86%         3
 Mephitic Cloud           Conj/Pois/Air  0%         N/A       86%         3
 Flame Wave               Conj/Fire      0%         2d4       99%         4
 Iskenderun's Mystic Bla  Conj/Tloc      0%         2d3       99%         4
 Lightning Bolt           Conj/Air       0%         1d11      100%        5
 Starburst                Conj/Fire      0%         6d3       100%        6
 Maxwell's Capacitive Co  Air            0%         ∞         100%        8


Dungeon Overview and Level Annotations

Branches:
Dungeon (5/15)             Temple (0/1) D:5

Altars:
Hepliaklqana
Kikubaaqudgha
Sif Muna
Vehumet
Xom

Shops:
D:4 :

Annotations:
D:2 exclusion: downstairs
D:4 exclusion: statue


Innate Abilities, Weirdness & Mutations

You can breathe blasts of noxious fumes.
Your lurid green scales are hard. (AC +6)
You cannot fit into any form of body armour.
Your system is resistant to poisons. (rPois)
You are cold-blooded and may be slowed by cold attacks.


Message History

You are too injured to fight recklessly!
You are too injured to fight recklessly!
You are too injured to fight recklessly!
You are too injured to fight recklessly!
Aiming: Breathe Noxious Fumes (5% risk of failure)
Press: ? - help, Shift-Dir - straight line You exhale a blast of noxious fumes.
The blast of choking fumes hits the ogre.
The ogre is moderately wounded.
The orc hits you but does no damage.
The orc hits you with a +2 vorpal hand axe.
The orc splashes around in the water.
You barely miss the orc. You tail-slap the orc.
The orc is moderately wounded.
The orc closely misses you.
The orc splashes around in the water.
The ogre hits you with a +0 giant spiked club!
* * * LOW HITPOINT WARNING * * *
The orc splashes around in the water.
The orc barely misses you.
You thump the orc!
You kill the orc!
The orc hits you with a +2 vorpal hand axe.
* * * LOW HITPOINT WARNING * * *
x2 The orc misses you.
The ogre barely misses you. The orc closely misses you.
You block the orc's attack.
Unknown command.
You can't do that yet.
The orc attacks as you move away! You block the orc's attack.
The orc hits you but does no damage.
There is a staircase to the Ecumenical Temple here.
Things that are here:
a +0 hand axe; an orc corpse
Okay, then.
As you read the scroll of teleportation, it crumbles to dust.
You feel strangely unstable.
The ogre hits you with a +0 giant spiked club!
* * * LOW HITPOINT WARNING * * *
The orc splashes around in the water.
You block the orc's attack. The ogre attacks as you move away!
The ogre hits you with a +0 giant spiked club!!
You die...

**#.###.###.####.##
,,,,* #.* #.......#
,*,,**#.* #######.#
,,,,,,..* #.##
**,,**#.* #####..##
**,,,,..**
#..~~§..#
***,**#.,*
#.~~§~~.# * *,*
**,* #§~oO~~~# *,*
*,***#~~~@~§~# *,*
*,....~o~§~~§# *,*
**##...~~§~~.# *,*
##...~~~..# *,*
#......### *,*
######## *,* *,*
***,*


You could see an ogre and 2 orcs.

Vanquished Creatures
  A black bear (D:5)
  An ogre (D:4)
  A jelly (D:4)
  Crazy Yiuf (D:3)
  A hound (D:5)
  2 orc priests
  4 orc wizards
  8 gnolls
  2 adders
  A shadow imp (D:5)
  3 worms
  4 dart slugs
  19 orcs
  8 ball pythons
  5 bats
  7 endoplasms
  A giant cockroach (D:1)
  10 goblins
  7 hobgoblins
  2 quokkas
  3 frilled lizards
  7 kobolds
  4 rats
102 creatures vanquished.

Vanquished Creatures (others)
  2 fungi (D:3)
  A withered plant (D:3)
3 creatures vanquished.

Grand Total: 105 creatures vanquished

Notes
Turn   | Place    | Note
-------+----------+-------------------------------------------
     0 | D:1      | Lekart the Draconian Fighter began the quest for the Orb.
     0 | D:1      | Reached XP level 1. HP: 19/19 MP: 1/1
   209 | D:1      | Reached XP level 2. HP: 9/26 MP: 2/2
   214 | D:1      | HP: 1/26 [bat (1)]
  1195 | D:2      | Reached XP level 3. HP: 30/31 MP: 3/3
  2239 | D:2      | Reached skill level 3 in Long Blades
  2239 | D:2      | Reached XP level 4. HP: 40/40 MP: 4/4
  2250 | D:3      | Found a hazy altar of Hepliaklqana.
  2669 | D:3      | Found a faded altar of an unknown god.
  2687 | D:3      | Reached XP level 5. HP: 32/46 MP: 5/5
  2689 | D:3      | Reached skill level 4 in Long Blades
  2690 | D:3      | Upgraded the game from 0.29-a0-1052-g6990b1bffc to
                  | 0.29-a0-1061-gbc57f8fbdb
  2690 | D:3      | Upgraded the game from 0.29-a0-1061-gbc57f8fbdb to
                  | 0.30-a0-5-g3a90980b9d
  3058 | D:3      | Found a runed translucent door.
  3059 | D:3      | Noticed Crazy Yiuf
  3106 | D:3      | Found a shimmering altar of Xom.
  3153 | D:3      | Found a shimmering blue altar of Sif Muna.
  3253 | D:3      | Killed Crazy Yiuf
  3258 | D:3      | Identified the +8 hammer "Bameacen" {vorpal, rN+ Will+}
  3332 | D:4      | Found an ancient bone altar of Kikubaaqudgha.
  3367 | D:4      | Found a radiant altar of Vehumet.
  3368 | D:4      | Noticed a charred statue
  3387 | D:4      | Reached XP level 6. HP: 48/52 MP: 6/6
  4005 | D:4      | Found Fuhev's Book Shoppe.
  4054 | D:4      | Reached skill level 5 in Long Blades
  4137 | D:4      | Reached skill level 1 in Maces & Flails
  4434 | D:5      | Entered Level 5 of the Dungeon
  4450 | D:5      | Your scales start taking on a lurid green colour.
  4450 | D:5      | Reached XP level 7. HP: 55/60 MP: 7/7
  4450 | D:5      | Gained mutation: Your system is resistant to poisons.
                  | (rPois) [Green Draconian growth]
  4484 | D:5      | Found a staircase to the Ecumenical Temple.
  4498 | D:5      | HP: 2/60 [ogre/+0 giant spiked club (11)]
  4499 | D:5      | Annihilated by an ogre

Illustrated notes

Levels and vault maps discovered:
D:1:      giann_horns, layout_basic
D:2:      layout_rooms
D:3:      layout_loops_ring, overflow_temple_1_default,
          mainiacjoe_overflow_swirl, ebering_ecumenical_altar_petrified,
          uniq_crazy_yiuf_cottage
D:4:      layout_loops_corners, nicolae_kikubaaqudgha_miasma_corner,
          vehumet_statue, serial_glass, glass_columns_a, glass_columns_c,
          feat_on_display, minmay_strange_pillars, item_on_display_a,
          due_unseen_surprise, serial_shops, shop, corexii_corridor_pit
D:5:      kennysheep_kobold_camp, layout_loops_cross,
          mainiacjoe_overflow_boulevard, minmay_temple_entry_mist,
          minmay_hedge_maze, saegor_snake_ambush

Skill      XL: |  1  2  3  4  5  6  7 |
---------------+----------------------+-----
Dodging        | 3 4 |  4.2
Long Blades    | 3 4 5 |  5.2
Fighting       | 4 |  4.9
Maces & Flails | 1 2 |  2.1
Shields        | 4 |  4.2

Action                   |  1- 3 |  4- 6 |  7- 9 || total
-------------------------+-------+-------+-------++-------
Melee: Long sword        |    70 |       |       ||    70
       Tailslap          |     7 |    12 |     5 ||    24
       Falchion          |    48 |    93 |       ||   141
       Mace              |       |    45 |    19 ||    64
 Abil: Breathe Noxious F |       |       |     2 ||     2
  Use: Scroll            |     7 |     1 |     1 ||     9
       Potion            |       |     1 |       ||     1
 Stab: Sleeping          |     2 |     3 |       ||     5
       Confused          |       |       |     1 ||     1
Armor: Skin              |    32 |    67 |     8 ||   107
Dodge: Dodged            |    89 |    69 |    21 ||   179
Block: Buckler           |    39 |    33 |    12 ||    84

Table legend: (Time is in decaauts)
 A = Elapsed time spent in this place.
 B = Non-inter-level travel time spent in this place.
 C = Inter-level travel time spent in this place.
 D = Time resting spent in this place.
 E = Time spent auto-exploring this place.
 F = Levels seen in this place.
 G = Mean time per level.
                   A        B        C        D        E       F      G
               +--------+--------+--------+--------+--------+-----+--------+
         Total |   4575 |   4361 |    214 |     74 |   3516 |   5 |  915.0 |
       Dungeon |   4575 |   4361 |    214 |     74 |   3516 |   5 |  915.0 |
               +--------+--------+--------+--------+--------+-----+--------+

Top non-repeatable levels by time:
     D:3: 1333 daAuts
     D:4: 1134 daAuts
     D:1: 1130 daAuts
     D:2: 902 daAuts
     D:5: 74 daAuts
